 Dungeon Crawl Stone Soup version 0.30-a0-743-gbfdf073431 (webtiles) character file.

Game seed: 15090206533850331855

2699 Dittersdorf the Covered (level 9, -6/59 HPs)
             Began as a Gargoyle Fighter on Feb 7, 2023.
             Mangled by a slime creature (8 damage)
             ... on level 5 of the Dungeon.
             The game lasted 00:09:21 (7626 turns).

Dittersdorf the Covered (Gargoyle Fighter)          Turns: 7626, Time: 00:09:21

Health: -6/59      AC: 25    Str: 25    XL:     9   Next: 65%
Magic:  9/9        EV:  8    Int:  8    God:
Gold:   357        SH: 10    Dex:  9    Spells: 8/8 levels left

rFire   . . .      SeeInvis .    a - +0 flail
rCold   . . .      Faith    .    c - +0 buckler
rNeg    + . .      Spirit   .    h - +0 chain mail
rPois   ∞          Reflect  +    A - +0 helmet
rElec   +          Harm     .    (no cloak)
rCorr   .          Rampage  .    v - +0 pair of gloves
Will    .....                    B - +0 pair of boots
Stlth   x                          - amulet of reflection
HPRegen 0.29/turn                s - +4 ring of protection
MPRegen 0.11/turn                (no ring)

@: no status effects
A: sickness immunity, AC +6, negative energy resistance 1, electricity
resistance, torment resistance 1, petrification resistance
a: no special abilities


You were on level 5 of the Dungeon.
You visited 1 branch of the dungeon, and saw 6 of its levels.

You collected 357 gold pieces.

Inventory:

Hand Weapons
 a - a +0 flail (weapon)
Missiles
 m - 15 poisoned darts (quivered)
 y - 4 throwing nets
Armour
 c - a +0 buckler (worn)
 h - a +0 chain mail (worn)
 v - a +0 pair of gloves (worn)
 A - a +0 helmet (worn)
 B - a +0 pair of boots (worn)
Jewellery
 s - a +4 ring of protection (left hand)
 x - an amulet of reflection (around neck)
Wands
 z - a wand of light (11)
Scrolls
 b - a scroll of silence {unknown}
 e - 4 scrolls of teleportation
 f - a scroll of fear {unknown}
 g - a scroll of fog {unknown}
 i - 2 scrolls of amnesia {unknown}
 j - 2 scrolls of brand weapon {unknown}
 k - 2 scrolls of blinking {unknown}
 q - a scroll of identify
 r - 3 scrolls of enchant weapon {unknown}
 w - 2 scrolls of poison
Potions
 d - 3 potions of might
 l - 2 potions of brilliance
 n - 6 potions of curing
 o - 2 potions of magic
 p - a potion of invisibility
 t - 2 potions of haste
 u - 2 potions of berserk rage
 C - 3 potions of heal wounds


   Skills:
 + Level 7.8 Fighting
 + Level 6.6 Maces & Flails
 + Level 7.9 Armour
 + Level 7.8 Shields


You had 8 spell levels left.
You didn't know any spells.
Your spell library contained the following spells:

 Spells                   Type           Power      Damage    Failure   Level
 Shock                    Conj/Air       0%         1d3       97%         1
 Poisonous Vapours        Pois/Air       0%         N/A       99%         2
 Static Discharge         Conj/Air       0%         2-2/arc   99%         2
 Ignite Poison            Fire/Tmut/Pois 0%         N/A       100%        3
 Inner Flame              Hex/Fire       0%         N/A       100%        3
 Kindle Blastsparks       Fire/Tloc/Air  0%         2d10      100%        3
 Mephitic Cloud           Conj/Pois/Air  0%         N/A       100%        3
 Swiftness                Air            0%         N/A       100%        3
 Vhi's Electric Charge    Tloc/Air       0%         N/A       100%        3
 Airstrike                Air            0%         2d(0-16)  100%        4
 Dispel Undead            Necr           0%         3d6       100%        4
 Flame Wave               Conj/Fire      0%         2d4       100%        4
 Sticky Flame             Conj/Fire      0%         2d3       100%        4
 Arcjolt                  Conj/Air       0%         1d10      100%        5
 Freezing Cloud           Conj/Ice/Air   0%         6-21      100%        5
 Lightning Bolt           Conj/Air       0%         1d11      100%        5
 Conjure Ball Lightning   Conj/Air       0%         3x3d6     100%        6
 Death Channel            Necr           0%         N/A       100%        6
 Discord                  Hex            0%         N/A       100%        8
 Disjunction              Tloc           0%         N/A       100%        8
 Cigotuvi's Dreadful Rot  Necr/Pois/Air  Unusable   N/A       N/A         2

Dungeon Overview and Level Annotations

Branches:
Dungeon (6/15)
 Temple: D:4-7

Altars:
Cheibriados
Dithmenos
Elyvilon
Makhleb
Uskayaw

Shops:
D:2 =([(?   D:5 *


Innate Abilities, Weirdness & Mutations

You are immune to sickness and miasma.
Your stone body is resilient. (AC +6)
You are immune to poison.
You resist negative energy. (rN+)
You are resistant to electric shocks. (rElec)
You are resistant to unholy torment.
You are immune to petrification.


Message History

The slime creature is heavily wounded.
Two slime creatures merge to form a large slime creature.
You hit the large slime creature.
The large slime creature is moderately wounded.
You barely miss the large slime creature.
The large slime creature is moderately wounded.
You block the large slime creature's attack.
You are no longer corroded.
The large slime creature attacks as you move away!
The large slime creature barely misses you.
The large slime creature attacks as you move away!
You block the large slime creature's attack.
The large slime creature attacks as you move away!
The large slime creature barely misses you.
The large slime creature attacks as you move away!
The large slime creature hits you!
There is a stone staircase leading up here.
A large slime creature splits.
You climb upwards.
There is a stone staircase leading down here.
The slime creature hits you but does no damage.
You block the slime creature's attack.
You hit the slime creature but do no damage.
The slime creature is lightly wounded.
The slime creature misses you. The slime creature hits you.
You hit the slime creature.
The slime creature is moderately wounded.
The slime creature hits you but does no damage.
The slime creature hits you.
You hit the slime creature.
The slime creature is moderately wounded.
The slime creature hits you!
* * * LOW HITPOINT WARNING * * *
The slime creature hits you!
* * * LOW HITPOINT WARNING * * *
You hit the slime creature.
The slime creature is moderately wounded.
The slime creature completely misses you.
You block the slime creature's attack. The slime creature hits you!
You die...

.#...8.[.∩...8.....#...#
.......................#
.....).8...>..........########
.............................#
.........8...8........######.#
.....#....>...........# #.#
.....#.##...#.........######.#
##......+...#................#
##...#.##...#...@....#######.####
...............J>J...............
##...#.######....###.#######.####
.........# #........# #.#
.....#.#.# ####.###.# #.#
##...#.#.# #.# #.# #.# #...#.#.#
#.# #.# #.# #.#.#.#.# #.###.####
### #.#.#.#.# #........#


You could see 2 slime creatures.

Vanquished Creatures
  A cyclops (D:6)
  A troll (D:6)
  Sigmund (D:2)
  A water moccasin (D:5)
  2 ogres
  A centaur (D:6)
  2 kobold brigands (D:6)
  A phantom (D:5)
  A bullfrog (D:6)
  3 gnoll sergeants
  A necrophage (D:6)
  2 scorpions
  2 howler monkeys (D:6)
  3 jellies (D:6)
  2 orc priests (D:5)
  A gnoll bouda (D:4)
  4 hounds
  An iron imp (D:3)
  3 iguanas
  Natasha (thrice) (D:4)
  An orc wizard (D:6)
  20 gnolls
  6 adders
  A white imp (D:4)
  An ufetubus (D:4)
  A worm (D:4)
  3 dart slugs
  16 orcs
  10 endoplasms
  3 giant cockroaches
  8 hobgoblins
  6 jackals
  4 quokkas
  9 ball pythons
  4 bats
  2 frilled lizards (D:2)
  2 goblins
  11 kobolds
  3 rats
147 creatures vanquished.

Vanquished Creatures (others)
  5 fungi (D:6)
  9 toadstools (D:6)
14 creatures vanquished.

Grand Total: 161 creatures vanquished

Notes
Turn   | Place    | Note
-------+----------+-------------------------------------------
     0 | D:1      | Dittersdorf the Gargoyle Fighter began the quest for the
                  | Orb.
     0 | D:1      | Reached XP level 1. HP: 14/14 MP: 1/1
   205 | D:1      | Reached XP level 2. HP: 19/19 MP: 2/2
   466 | D:1      | Reached XP level 3. HP: 23/23 MP: 3/3
   993 | D:2      | Noticed Sigmund
  1005 | D:2      | Killed Sigmund
  1006 | D:2      | Reached XP level 4. HP: 12/30 MP: 4/4
  1006 | D:2      | Reached XP level 5. HP: 13/34 MP: 5/5
  1103 | D:2      | Found Huykuowk's Weapon Boutique.
  1267 | D:2      | Found Demotryu's Weapon Shoppe.
  1274 | D:2      | Found Doyme's Jewellery Emporium.
  1354 | D:2      | Found Seloh's Magic Scroll Emporium.
  1560 | D:2      | Found Vamac's Armour Emporium.
  1782 | D:3      | Found a white marble altar of Elyvilon.
  1830 | D:3      | Reached XP level 6. HP: 39/39 MP: 6/6
  2286 | D:3      | Found a shadowy altar of Dithmenos.
  2488 | D:3      | Found a snail-covered altar of Cheibriados.
  3255 | D:4      | Noticed Natasha
  3267 | D:4      | Killed Natasha
  3268 | D:4      | Reached skill level 5 in Fighting
  3268 | D:4      | Reached skill level 5 in Armour
  3268 | D:4      | Reached skill level 5 in Shields
  3376 | D:4      | Reached XP level 7. HP: 43/44 MP: 7/7
  4162 | D:4      | Noticed Natasha
  4172 | D:4      | Killed Natasha
  4776 | D:4      | Noticed Natasha
  4783 | D:4      | Killed Natasha
  5170 | D:5      | Entered Level 5 of the Dungeon
  5170 | D:5      | Found Pion Jowo's General Store.
  5427 | D:5      | Reached XP level 8. HP: 51/51 MP: 8/8
  5794 | D:4      | Reached skill level 5 in Maces & Flails
  5998 | D:5      | Found a burning altar of Makhleb.
  5998 | D:5      | Noticed a balrug
  6618 | D:6      | Noticed a troll
  6619 | D:6      | Noticed a cyclops
  6631 | D:6      | Killed a troll
  6632 | D:6      | Reached XP level 9. HP: 47/57 MP: 9/9
  6653 | D:6      | Killed a cyclops
  6839 | D:6      | Found a hide-covered altar of Uskayaw.
  7625 | D:5      | HP: 1/59 [slime creature (9)]
  7626 | D:5      | Mangled by a slime creature

Illustrated notes

Levels and vault maps discovered:
D:1:      spicycebolla_green_bress_n_ham_2, layout_basic, minmay_pentomino_z2
D:2:      layout_loops_cross, serial_shops, shop, nicolae_square_shop,
          nicolae_shop_statue_plus, nicolae_shop_advertising_works
          [nicolae_subvault_shop_adworks], nicolae_shop_bloodbath_and_beyond,
          uniq_sigmund
D:3:      layout_loops_ring, elyvilon_altar_4, slow_altar_2,
          mainiacjoe_overflow_alcove_2, serial_rivers,
          chequers_serial_rivers_large_a, chequers_serial_rivers_marsh,
          chequers_serial_rivers_micro_d, chequers_serial_rivers_small_a,
          chequers_serial_rivers_micro_b
D:4:      layout_layer_cave, uniq_natasha
D:5:      layout_basic, makhleb_altar_promises_db, nicolae_stop_n_shop_1
D:6:      cheibrodos_fertilizer, layout_rooms,
          nicolae_uskayaw_murder_on_the_dancefloor, minmay_divided_ellipse

Skill      XL: |  1  2  3  4  5  6  7  8 |
---------------+-------------------------+-----
Fighting       | 4 5 7 |  7.8
Maces & Flails | 3 4 6 |  6.6
Armour         | 4 5 7 |  7.9
Shields        | 4 5 7 |  7.8

Action                     |  1- 3 |  4- 6 |  7- 9 || total
---------------------------+-------+-------+-------++-------
  Melee: Flail             |    74 |   146 |   442 ||   662
  Throw: Dart              |     3 |       |     1 ||     4
    Use: Scroll            |       |     7 |     5 ||    12
 Armour: Chain mail        |    60 |    93 |   305 ||   458
         Scale mail        |     2 |       |       ||     2
  Dodge: Dodged            |    28 |    58 |   177 ||   263
  Block: Buckler           |    19 |    51 |   295 ||   365
         Reflection        |       |       |     3 ||     3

Table legend: (Time is in decaauts)
 A = Elapsed time spent in this place.
 B = Non-inter-level travel time spent in this place.
 C = Inter-level travel time spent in this place.
 D = Time resting spent in this place.
 E = Time spent auto-exploring this place.
 F = Levels seen in this place.
 G = Mean time per level.
                   A        B        C        D        E       F      G
               +--------+--------+--------+--------+--------+-----+--------+
         Total |   7786 |   7454 |    332 |    773 |   5138 |   6 | 1297.7 |
       Dungeon |   7786 |   7454 |    332 |    773 |   5138 |   6 | 1297.7 |
               +--------+--------+--------+--------+--------+-----+--------+

Top non-repeatable levels by time:
     D:4: 2854 daAuts
     D:6: 1318 daAuts
     D:1: 1019 daAuts
     D:5: 1003 daAuts
     D:3: 818 daAuts
     D:2: 771 daAuts
